 Dungeon Crawl Stone Soup version 0.31.0-32-g396128a36d (webtiles) character file.

Game seed: 769995041141875500

80771 RatsInWalls the Fighter (level 15, -4/121 (124) HPs)
             Began as a Demonspawn Shapeshifter on Mar 10, 2024.
             Was the Champion of Dithmenos.
             Slain by an orc warrior
             ... wielding a +0 mace
              (8 damage)
             ... on level 9 of the Dungeon.
             The game lasted 01:32:36 (22895 turns).

RatsInWalls the Fighter (Demonspawn Shapeshifter)  Turns: 22895, Time: 01:32:36

HP:   -4/121 (124)  AC:  0    Str: 19    XL:     15   Next: 24%
MP:   0/30          EV: 18    Int: 18    God:    Dithmenos [******]
Gold: 1733          SH:  0    Dex: 15    Spells: 14/14 levels left

rFire   + .          .
                       - Unarmed
rCold   . . .        (no shield)
rNeg    + + .        p - melded +2 robe {Will+}
rPois   .            J - +3 hat of Pondering {ponderous, Will+ MP+10 Int+5}
rElec   .            A - scarf {repulsion}
rCorr   .            (gloves unavailable)
SInv    +            U - +1 pair of boots
Will    ++...        Q - amulet of magic regeneration
Stlth   +++++        r - ring of see invisible
HPRegen 3.40/turn    E - ring of Imnerec {rF+ rN++ Str+2}
MPRegen 0.84/turn

%: repel missiles, guardian spirit
@: maw-form, corroded, wreathed by umbra, studying Shields, lightly drained,
slow
A: devouring maw, powered by death 2, magic shield, magic regeneration, magic
link, sharp scales 3, demonic touch 3
a: Begin Untransformation, Renounce Religion, Shadow Step, Shadow Form


You were on level 9 of the Dungeon.
You worshipped Dithmenos.
Dithmenos was exalted by your worship.
You were a creature with a mouth for a stomach.
You visited 4 branches of the dungeon, and saw 22 of its levels.
You also visited: Sewer.

You collected 1733 gold pieces.

Inventory:

Missiles
 i - 187 stones (quivered)
 s - 6 silver javelins
 L - 5 curare-tipped darts
Armour
 p - a +2 robe of willpower (melded)
 A - a scarf of repulsion (worn)
 C - a +2 robe of cold resistance
 J - the +3 hat of Pondering (worn) {ponderous, Will+ MP+10 Int+5}
   (You took it off Gastronok on level 8 of the Dungeon)

   Int+5:     It affects your intelligence (+5).
   Will+:     It increases your willpower.
   MP+10:     It affects your magic capacity (+10).
 M - +0 steam dragon scales
 O - the +5 robe of the Grue {SInv}
   (You found it on level 9 of the Dungeon)

   SInv:      It lets you see invisible.
 U - a +1 pair of boots (worn)
Jewellery
 r - a ring of see invisible (left hand)
 t - a ring of resist corrosion
 E - the ring of Imnerec (right hand) {rF+ rN++ Str+2}
   (You found it on level 8 of the Dungeon)

   [ring of protection from fire]

   Str+2:     It affects your strength (+2).
   rF+:       It protects you from fire.
   rN++:      It greatly protects you from negative energy.
 N - the Hermit's Pendant {Faith Invo=14 Evo=0 MP+5}
   (You acquired it on level 7 of the Dungeon)

   [amulet of faith]

   Invo=14: It sets your Invocations skill to 14.
   Evo=0: It sets your Evocations skill to 0.
   Faith:     It allows you to gain divine favour quickly.
   MP+5:      It affects your magic capacity (+5).
 Q - an amulet of magic regeneration (around neck)
 W - a ring of poison resistance
Talismans
 R - a maw talisman (active)
Wands
 x - a wand of paralysis (14)
 K - a wand of roots (16)
 P - a wand of digging (4)
 V - a wand of polymorph (10)
 Y - a wand of flame (19)
Scrolls
 a - 4 scrolls of enchant armour
 c - a scroll of torment {unknown}
 d - 2 scrolls of enchant weapon
 f - a scroll of immolation
 j - 8 scrolls of fear
 k - a scroll of revelation
 n - 2 scrolls of identify
 q - 5 scrolls of poison
 y - 2 scrolls of fog
 B - 2 scrolls of blinking
Potions
 b - 2 potions of lignification
 e - 4 potions of might
 g - 3 potions of brilliance
 h - 5 potions of haste
 l - a potion of magic
 m - 6 potions of enlightenment
 v - a potion of ambrosia
 w - 3 potions of berserk rage
 D - a potion of cancellation
 F - a potion of resistance
 S - 4 potions of curing


   Skills:
 + Level 13.6 Fighting
 + Level 12.1 Dodging
 - Level 5.0 Stealth
 - Level 3.8 Shields
 + Level 12.3 Unarmed Combat
 + Level 7.9 Invocations
 - Level 4.1 Evocations
 + Level 11.3 Shapeshifting


You had 14 spell levels left.
You didn't know any spells.
Your spell library contained the following spells:

 Spells                   Type           Power      Damage    Failure   Level
 Apportation              Tloc           0%         N/A       22%         1
 Foxfire                  Conj/Fire      0%         2x1d4     22%         1
 Freeze                   Ice            0%         1d3       22%         1
 Kiss of Death            Conj/Necr      0%         2d5       22%         1
 Summon Small Mammal      Summ           0%         N/A       22%         1
 Ensorcelled Hibernation  Hex/Ice        0%         N/A       32%         2
 Jinxbite                 Hex            0%         N/A       32%         2
 Mercury Vapours          Alch/Air       0%         N/A       32%         2
 Call Canine Familiar     Summ           0%         N/A       54%         3
 Confusing Touch          Hex            0%         N/A       54%         3
 Frozen Ramparts          Ice            0%         1d1       54%         3
 Fugue of the Fallen      Necr           0%         N/A       54%         3
 Hailstorm                Conj/Ice       0%         3d5       54%         3
 Mephitic Cloud           Conj/Alch/Air  0%         N/A       54%         3
 Passwall                 Erth           0%         N/A       54%         3
 Swiftness                Air            0%         N/A       54%         3
 Anguish                  Hex/Necr       0%         N/A       91%         4
 Brom's Barrelling Bould  Conj/Erth      0%         2d3       91%         4
 Dispel Undead            Necr           0%         3d6       91%         4
 Summon Blazeheart Golem  Fire/Summ      0%         N/A       91%         4
 Vhi's Electric Charge    Tloc/Air       0%         N/A       91%         4
 Alistair's Intoxication  Alch           0%         N/A       99%         5
 Arcjolt                  Conj/Air       0%         1d10      99%         5
 Fireball                 Conj/Fire      0%         3d3       99%         5
 Freezing Cloud           Conj/Ice/Air   0%         6-21      99%         5
 Iskenderun's Battlesphe  Conj           0%         2d6       99%         5
 Conjure Ball Lightning   Conj/Air       0%         3x3d6     100%        6
 Plasma Beam              Fire/Air       0%         2x1d10    100%        6
 Starburst                Conj/Fire      0%         6d3       100%        6
 Malign Gateway           Summ/Tloc      0%         N/A       100%        7
 Orb of Destruction       Conj           0%         9d5       100%        7
 Maxwell's Capacitive Co  Air            0%         ∞         100%        8
 Summon Horrible Things   Summ           0%         N/A       100%        8
 Chain Lightning          Conj/Air       0%         N/A       100%        9
 Fire Storm               Conj/Fire      0%         5d1       100%        9
 Shatter                  Erth           0%         3d5*      100%        9


Dungeon Overview and Level Annotations

Branches:
Dungeon (15/15)            Temple (1/1) D:4            Lair (5/5) D:10
 Shoals (0/4) Lair:3        Snake (0/4) Lair:2        Slime (0/5) Lair:5
    Orc (1/2) D:9          Vaults (0/5) D:14         Depths (0/4) D:15
  Sewer (visited)

Altars:
Ashenzari
Cheibriados
Dithmenos
Fedhas
Gozag
Hepliaklqana
Kikubaaqudgha
Makhleb
Nemelex Xobeh
Okawaru
Qazlal
Ru
Sif Muna
Trog
Uskayaw
Vehumet
Wu Jian
Xom
Yredelemnul
Jiyva

Shops:
D:2 :   D:14 (

Annotations:
D:7 2 transporters, 1 exclusion, spaghetti's ghost, novice NaCK
D:10 2 transporters, raguz's ghost, journeyman VSBr
Lair:4 exclusion: oklob plant


Innate Abilities, Weirdness & Mutations

You are a creature with a mouth for a stomach.
Your midsection houses a second, enormous mouth.
You regenerate health from kills.
When hurt, damage is shared between your health and your magic reserves.
You regenerate magic rapidly.
When low on magic, you restore magic in place of health.
You are completely covered in razor-sharp scales. (AC +3, Slay +3)
Your touch may irresistibly damage your foes and sap their willpower.


Message History

You closely miss the troll.
You touch the troll!
You sap its willpower!
You bite the troll, but do no damage.
The troll is moderately wounded.
The troll bites you. The troll claws you!
* * * LOW HITPOINT WARNING * * *
The troll misses you. The orc warrior misses you.
The orc warrior hits you with a +0 mace!
* * * LOW HITPOINT WARNING * * *
Okay, then.
You feel better. The orc knight closely misses you.
The troll completely misses you. The troll claws you!
* * * LOW HITPOINT WARNING * * *
The troll closely misses you. The orc warrior misses you.
The orc warrior completely misses you.
You punch the troll!
You touch the troll!
You sap its willpower!
You bite the troll.
You devour half of the troll!
The troll leather armour is intact enough to wear.
You feel better.
You kill the troll!
Dithmenos accepts your kill.
The orc warrior no longer looks unusually strong.
The orc knight hits you with a +0 great sword!!
* * * LOW HITPOINT WARNING * * *
The orc warrior completely misses you. x2
You punch the orc warrior! x2; You bite the orc warrior.
The orc warrior is severely wounded.
The orc knight closely misses you.
You barely miss the orc warrior. You bite the orc warrior.
The orc warrior is almost dead.
Your shadow hits the orc warrior.
The orc warrior hits you with a +0 war axe!
* * * LOW HITPOINT WARNING * * *
The orc warrior hits you with a +0 mace!
* * * LOW HITPOINT WARNING * * *
You feel better.
The orc knight hits you with a +0 great sword!!
* * * LOW HITPOINT WARNING * * *
The orc warrior misses you.
The orc warrior hits you with a +0 mace!
You die...

#........#..).#......#....#
#........#....)......#....#
#######........#....#......######
...............#...)#............
.....#########.....####..........
.....#....#.....8.....#..........
.....'....#.)..[§§§...#..........
....##.........§oo§..............
....#......8..§§Wo§..8..'####...<
....#.........§§§§§....#....#....
....#.....#...§§§§.§..##....#....
....#.....#.....8.§...##....#....
....#.....####.....#####....#....
....####'###.....####..####.#....
................## #.....###....
................# #............
....>...........# #............


You could see an orc knight and 2 orc warriors.

Vanquished Creatures
  Rupert (D:15)
  Gastronok (D:8)
  A fire giant (D:15)
  Nessos (D:13)
  8 vault guards (D:14)
  4 hydras
  An ice dragon (Lair:5)
  An ogre mage (D:13)
  A catoblepas (Lair:1)
  6 two-headed ogres
  3 centaur warriors
  4 boulder beetles
  Urug (D:10)
  2 death yaks
  A skyshark (Lair:3)
  2 lindwurms (Lair:5)
  Pikel (D:4)
  A phantasmal warrior (D:14)
  An orc knight (D:15)
  5 manticores
  3 cyclopes
  A meliai (shapeshifter) (D:12)
  Maurice (D:7)
  2 elephants
  A wolf spider (Lair:5)
  3 ugly things (D:12)
  Joseph (D:7)
  10 black mambas
  The ghost of rozman the Chopper, a novice MiFi of Kikubaaqudgha (D:4)
  2 guardian serpents
  7 torpor snails
  16 cane toads
  3 gargoyles
  An efreet (D:13)
  8 komodo dragons
  An unseen horror (D:13)
  A freezing wraith (D:14)
  4 rime drakes
  A kobold demonologist (D:14)
  A tengu conjurer (D:14)
  5 polar bears
  A troll (D:9)
  3 tyrant leeches (Lair:5)
  14 blink frogs
  Prince Ribbit (D:7)
  10 hornets
  A wind drake (Lair:3)
  7 slime creatures
  5 centaur simulacra
  2 shadows
  6 wraiths
  The ghost of spaghetti the Trooper, an amateur NaBe of Trog (D:4)
  39 yaks
  14 wyverns
  2 steam dragons
  9 basilisks
  An unseen horror simulacrum (D:10)
  3 redbacks
  3 wargs
  3 vampire mosquitoes (D:11)
  A redback simulacrum (D:14)
  A harpy simulacrum (D:14)
  4 acid dragons
  Menkaure (D:7)
  4 nagas (Lair:2)
  21 water moccasins
  Duvessa (D:5)
  2 black bears
  6 ice beasts (D:10)
  5 orc warriors
  A sky beast (D:6)
  3 ogres
  18 centaurs
  21 wolves
  2 phantoms
  4 lemures (D:4)
  17 bullfrogs
  3 kobold brigands
  A brain worm (Sewer)
  3 scorpions
  18 wights
  A hornet simulacrum (D:15)
  Dowan (D:5)
  5 killer bees (D:9)
  4 howler monkeys
  3 electric eels (D:10)
  4 hounds
  2 bombardier beetles
  9 jellies
  An orc priest (D:15)
  A sleepcap (D:7)
  2 iguanas (D:5)
  Ijyb (D:4)
  7 orc wizards
  Natasha (thrice) (D:2)
  Terence (D:2)
  5 river rats (Sewer)
  7 adders
  2 shadow imps (D:6)
  6 white imps
  8 ufetubi
  5 ribbon worms
  6 dart slugs
  35 orcs
  8 ball pythons
  16 endoplasms
  8 giant cockroaches
  7 goblins
  11 hobgoblins
  A jackal (Sewer)
  9 quokkas
  12 bats
  4 frilled lizards
  15 kobolds
  10 rats
601 creatures vanquished.

Notes
Turn   | Place    | Note
-------+----------+-------------------------------------------
     0 | D:1      | RatsInWalls the Demonspawn Shapeshifter began the quest for
                  | the Orb.
     0 | D:1      | Reached XP level 1. HP: 15/15 MP: 1/1
   103 | D:1      | Gained mutation: Your touch may inflict minor irresistible
                  | damage on your foes. [demonic ancestry]
   103 | D:1      | Reached XP level 2. HP: 18/21 MP: 2/2
   271 | D:1      | You fall into a shaft and drop 1 floor!
   308 | D:2      | Noticed Natasha
   326 | D:2      | Killed Natasha
   327 | D:2      | Reached skill level 2 in Fighting
   327 | D:2      | Reached skill level 1 in Stealth
   327 | D:2      | Reached XP level 3. HP: 24/27 MP: 3/3
   445 | D:2      | Found Veotu's Book Shop.
   549 | D:2      | Noticed Natasha
   556 | D:2      | Killed Natasha
   557 | D:2      | Gained mutation: You are partially covered in razor-sharp
                  | scales. (AC +1, Slay +1) [demonic ancestry]
   557 | D:2      | Reached XP level 4. HP: 22/34 MP: 4/4
   729 | D:2      | Noticed Terence
   798 | D:2      | Noticed Natasha
   817 | D:2      | Killed Natasha
   818 | D:2      | Reached skill level 3 in Fighting
  1202 | D:3      | Gained mutation: You are mostly covered in razor-sharp
                  | scales. (AC +2, Slay +2) [demonic ancestry]
  1202 | D:3      | Reached XP level 5. HP: 41/41 MP: 5/5
  1270 | D:3      | Found a snail-covered altar of Cheibriados.
  1806 | D:2      | Killed Terence
  2437 | D:1      | Found a faded altar of an unknown god.
  2610 | D:4      | Noticed a black bear
  2784 | D:4      | Reached XP level 6. HP: 40/48 MP: 4/6
  2796 | D:4      | Found a glowing drain.
  2809 | Sewer    | Entered a sewer
  2928 | Sewer    | Reached skill level 4 in Fighting
  3764 | D:4      | Found a basalt altar of Yredelemnul.
  3773 | D:4      | Gained mutation: You regenerate a little health from kills.
                  | [demonic ancestry]
  3773 | D:4      | Reached XP level 7. HP: 55/55 MP: 7/7
  4002 | D:4      | Noticed Ijyb
  4006 | D:4      | Killed Ijyb
  4103 | D:4      | Noticed Pikel
  4273 | D:4      | Found a runed translucent gate.
  4273 | D:4      | Found a runed translucent gate.
  4273 | D:4      | Found a runed translucent gate.
  4274 | D:4      | Noticed spaghetti's ghost (amateur NaBe)
  4274 | D:4      | Noticed rozman's ghost (novice MiFi)
  4289 | D:4      | Found a staircase to the Ecumenical Temple.
  4321 | D:4      | Killed Pikel
  4322 | D:4      | Reached skill level 5 in Fighting
  4322 | D:4      | Gained mutation: Your touch may inflict irresistible damage
                  | on your foes. [demonic ancestry]
  4322 | D:4      | Reached XP level 8. HP: 64/64 MP: 8/8
  4343 | Temple   | Entered the Ecumenical Temple
  4763 | Temple   | Became a worshipper of Dithmenos the Shadowed
  4828 | D:5      | Entered Level 5 of the Dungeon
  4828 | D:5      | Noticed Duvessa
  4828 | D:5      | Noticed Dowan
  4921 | D:5      | Reached skill level 6 in Fighting
  5001 | D:5      | Killed Duvessa
  5002 | D:5      | Reached skill level 1 in Evocations
  5015 | D:5      | Killed Dowan
  5224 | D:5      | Reached skill level 5 in Unarmed Combat
  5226 | D:5      | Found a broken altar of Ashenzari.
  5270 | D:5      | Found a hazy altar of Hepliaklqana.
  6118 | D:7      | Reached skill level 5 in Dodging
  6155 | D:7      | Found a burning altar of Makhleb.
  6207 | D:7      | Reached XP level 9. HP: 66/71 MP: 7/9
  6356 | D:7      | Reached * piety under Dithmenos
  6374 | D:7      | Noticed Maurice
  6483 | D:7      | Noticed Menkaure
  6589 | D:7      | Killed Menkaure
  6590 | D:7      | Reached skill level 7 in Fighting
  6590 | D:7      | Reached skill level 5 in Shapeshifting
  6751 | D:7      | Noticed Joseph
  6774 | D:7      | Killed Joseph
  6896 | D:7      | Found a transporter.
  6903 | D:7      | Found a bloodstained altar of Trog.
  6904 | D:7      | Found a transporter.
  6916 | D:7      | Noticed a moth of wrath
  6917 | D:7      | Noticed spaghetti's ghost (novice NaCK)
  6952 | D:7      | Noticed Prince Ribbit
  6966 | D:7      | Killed Prince Ribbit
  6988 | D:8      | Noticed a two-headed ogre
  6997 | D:8      | Killed a two-headed ogre
  7133 | D:8      | Gained mutation: You regenerate health from kills. [demonic
                  | ancestry]
  7133 | D:8      | Reached XP level 10. HP: 72/80 MP: 8/10
  7175 | D:8      | Noticed Gastronok
  7261 | D:8      | Identified the ring of Imnerec {rF+ rN++ Str+2}
  7474 | D:8      | Killed Gastronok
  7475 | D:8      | Reached skill level 8 in Fighting
  7573 | D:7      | Maurice stole 547 gold
  7579 | D:7      | Killed Maurice
  7815 | D:7      | Identified 2 scrolls of acquirement
  7815 | D:7      | Acquired the Hermit's Pendant {Faith Invo=14 Evo=0 MP+5}
  7815 | D:7      | Found the Hermit's Pendant {Faith Invo=14 Evo=0 MP+5}
  7817 | D:7      | Acquired the +2 pair of gloves of Spite {rC++ Str-2 Int+3
                  | Dex+3}
  8047 | D:9      | Found an iron altar of Okawaru.
  8111 | D:9      | Identified the +5 robe of the Grue {SInv}
  8293 | D:9      | Reached ** piety under Dithmenos
  8426 | D:9      | Gained mutation: You are completely covered in razor-sharp
                  | scales. (AC +3, Slay +3) [demonic ancestry]
  8426 | D:9      | Reached XP level 11. HP: 84/87 MP: 11/11
  8569 | D:9      | Reached skill level 9 in Fighting
  8620 | D:9      | Found a staircase to the Orcish Mines.
  9134 | D:10     | Entered Level 10 of the Dungeon
  9425 | D:4      | Killed spaghetti's ghost
  9433 | D:4      | Killed rozman's ghost
  9862 | D:10     | Reached *** piety under Dithmenos
 10000 | D:10     | Identified the orb "Yleiru" {mayhem, rC- rN+ Str+2}
 10146 | D:10     | Found a staircase to the Lair.
 10423 | D:10     | Noticed Urug
 10437 | D:10     | Killed Urug
 10594 | D:10     | Found a transporter.
 10598 | D:10     | Noticed raguz's ghost (journeyman VSBr)
 10625 | D:10     | Found a transporter.
 10668 | D:10     | Identified the +5 short sword "Huapuun" {venom, rElec rPois
                  | rC- rN+++}
 10810 | D:10     | Noticed a death yak
 10822 | D:10     | Killed a death yak
 10823 | D:10     | Reached skill level 1 in Shields
 11095 | D:10     | Found a shimmering blue altar of Sif Muna.
 11137 | Lair:1   | Entered Level 1 of the Lair of Beasts
 11156 | D:10     | Reached **** piety under Dithmenos
 11215 | Lair:1   | Reached skill level 10 in Fighting
 11381 | Lair:1   | You fall into a shaft and drop 1 floor!
 11557 | Lair:1   | Gained mutation: You regenerate magic rapidly. [demonic
                  | ancestry]
 11557 | Lair:1   | Reached XP level 12. HP: 93/97 MP: 22/22
 11759 | Lair:1   | Noticed a boulder beetle
 11770 | Lair:1   | Killed a boulder beetle
 11801 | Lair:1   | Noticed a catoblepas
 11840 | Lair:1   | Killed a catoblepas
 11880 | Lair:1   | Found the +3 pair of seven-league boots {Rampage+∞}
 12345 | Lair:2   | Noticed a five-headed hydra
 12384 | Lair:2   | Killed a five-headed hydra
 12736 | Lair:2   | Found a staircase to the Snake Pit.
 12790 | Lair:2   | Reached skill level 5 in Stealth
 12969 | Lair:2   | Identified the +7 falchion "Ockofok" {flame, rF+ rC+ Dex+3
                  | SInv}
 13341 | Lair:3   | Reached skill level 11 in Fighting
 13389 | Lair:3   | Noticed a five-headed hydra
 13397 | Lair:3   | Killed a five-headed hydra
 13427 | Lair:3   | Noticed a death yak
 13444 | Lair:3   | Reached skill level 10 in Unarmed Combat
 13473 | Lair:3   | Killed a death yak
 13474 | Lair:3   | Gained mutation: When hurt, damage is shared between your
                  | health and your magic reserves. [demonic ancestry]
 13474 | Lair:3   | Reached XP level 13. HP: 96/106 MP: 13/13
 13819 | Lair:3   | Found a staircase to the Shoals.
 13831 | Lair:3   | Reached skill level 10 in Dodging
 15551 | Lair:5   | Entered Level 5 of the Lair of Beasts
 15666 | Lair:5   | Reached ***** piety under Dithmenos
 15684 | Lair:5   | Paralysed by a hornet for 1 turns
 15709 | Lair:5   | Reached skill level 12 in Fighting
 15839 | Lair:5   | Found a viscous altar of Jiyva.
 15839 | Lair:5   | Found a staircase to the Slime Pits.
 15913 | Lair:5   | Found a burning altar of Makhleb.
 16515 | Lair:5   | Reached skill level 10 in Shapeshifting
 16658 | Lair:5   | Reached skill level 1 in Invocations
 16852 | Lair:5   | Gained mutation: When low on magic, you restore magic in
                  | place of health. [demonic ancestry]
 16852 | Lair:5   | Reached XP level 14. HP: 78/116 MP: 15/15
 18840 | D:12     | Reached ****** piety under Dithmenos
 18917 | D:12     | Identified the +4 ring mail "Nizys" {Int+5}
 18977 | D:12     | Reached skill level 5 in Invocations
 19083 | D:13     | Noticed Nessos
 19092 | D:13     | Killed Nessos
 19417 | D:13     | Reached skill level 13 in Fighting
 19970 | D:14     | Found Nuoloi's Antique Weapon Boutique.
 20030 | D:14     | Found a gate to the Vaults.
 20089 | D:14     | HP: 4/118 [vault guard/+0 bardiche (20)]
 20735 | D:14     | Gained mutation: Your touch may irresistibly damage your
                  | foes and sap their willpower. [demonic ancestry]
 20735 | D:14     | Reached XP level 15. HP: 86/124 MP: 20/20
 21658 | D:15     | Entered Level 15 of the Dungeon
 21967 | D:15     | Found a staircase to the Depths.
 21967 | D:15     | Noticed a fire giant
 22240 | D:15     | Killed a fire giant
 22385 | D:15     | Noticed Rupert
 22408 | D:15     | Killed Rupert
 22861 | Orc:1    | Entered Level 1 of the Orcish Mines
 22895 | D:9      | HP: 4/121 [orc knight/+0 great sword (12)]
 22895 | D:9      | Slain by an orc warrior

Illustrated notes

Levels and vault maps discovered:
D:1:      amcnicky_arrival_underground_garden, layout_basic,
          basic_ecumenical_altar
D:2:      layout_basic, serial_shops, shop_statue, minmay_heptomino_o4,
          uniq_terence, uniq_natasha
D:3:      layout_rooms, slow_altar_1
D:4:      layout_loops_ring, grunt_temple_overflow_open,
          minmay_temple_entry_purple_smoke, gammafunk_ghost_cemetery,
          enter_ossuary_2, portal_sewer_entry_b, corexii_shack, uniq_ijyb,
          uniq_pikel
D:5:      layout_rooms, nzn_hepliaklqana_mist_gate,
          mainiacjoe_overflow_cross_hatched, minmay_misc_feat_rows,
          hangedman_abyss_or_decor_passed, minmay_misc_feat_pillars,
          minivault_24, minmay_misc_feat_tiny, uniq_duvessa
D:6:      layout_rooms, minmay_misc_feat_tower,
          hangedman_abyss_or_decor_jellyfish_corner,
          serial_library_hellmonk_metal_room
D:7:      layout_basic, mainiacjoe_overflow_boulevard,
          gammafunk_ghost_wrathful_warriors, uniq_maurice, uniq_joseph,
          uniq_menkaure, uniq_prince_ribbit1
D:8:      layout_basic, uniq_gastronok
D:9:      layout_irregular_city, mainiacjoe_overflow_concentric_impassable,
          david_orc_2
D:10:     layout_basic, led_sif_book, david_lair_generic, serial_ice,
          serial_ice_i, serial_ice_e, serial_ice_h, serial_ice_g, serial_ice_c,
          serial_ice_m, serial_ice_o, serial_ice_n, serial_ice_d, serial_ice_a,
          gammafunk_ghost_berserking_beasts, uniq_urug
D:11:     layout_rooms, serial_glass, glass_columns_a, glass_columns_a,
          minmay_strange_pillars, feat_on_display, feat_on_display,
          feat_on_display, chequers_arboretum, nicolae_tricolors
D:12:     layout_roguey
D:13:     layout_loops_ring, uniq_nessos
D:14:     layout_loops_corners, erik_vaults_2, serial_shops, shop,
          chequers_serial_rivers_large_b
D:15:     grunt_enter_depths_giant_problem, layout_stronghold,
          hangedman_abyss_or_decor_lesser_grid, uniq_rupert
Temple:   compressed_dpeg_circular_temple
Lair:1:   layout_cave_pods, hellmonk_guarded_unrand_seven_league_boots
Lair:2:   layout_gridlike, minmay_snake_entry_guardpost_small
Lair:3:   nzn_winding_woodlands_small [nzn_winding_woodlands_5x15_concentric,
          nzn_winding_woodlands_center_triple_pond,
          nzn_winding_woodlands_5x15_crooked], layout_misc_corridors,
          minmay_shoals_entry_beasts
Lair:4:   lemuel_slime, layout_cave_pods, amcnicky_mini_pool_medium
Lair:5:   wormcave, layout_cave_pods, hangedman_lair_tendril_chambers,
          slime_entry_1, lemuel_centaur_altar
Orc:1:    layout_caves, library_closet, okawaru_metal_pillars_1_2

Skill      XL: |  1  2  3  4  5  6  7  8  9 10 11 12 13 14 15 |
---------------+----------------------------------------------+-----
Dodging        | 2 3 4 5 6 7 8 9 11 12 | 12.1
Fighting       | 2 3 4 5 6 7 8 10 11 12 13 | 13.6
Stealth        | 1 2 4 5 |  5.0
Unarmed Combat | 3 4 5 6 7 8 10 11 12 | 12.3
Shapeshifting  | 3 4 5 6 7 9 10 11 | 11.3
Evocations     | 2 4 |  4.1
Shields        | 3 |  3.8
Invocations    | 2 7 |  7.9

Action                     |  1- 3 |  4- 6 |  7- 9 | 10-12 | 13-15 || total
---------------------------+-------+-------+-------+-------+-------++-------
  Melee: Unarmed           |    66 |   199 |   226 |   621 |   792 ||  1904
         Touch             |     6 |    23 |    49 |   161 |   179 ||   418
         Punch             |       |     4 |    10 |     8 |    81 ||   103
         Maw               |       |       |       |    33 |   334 ||   367
  Throw: Stone             |     1 |    12 |    11 |       |     1 ||    25
  Evoke: Wand              |       |    11 |    27 |    13 |    27 ||    78
    Use: Scroll            |       |     8 |     1 |     8 |    10 ||    27
         Potion            |       |     1 |     6 |     3 |     9 ||    19
   Stab: Sleeping          |       |     2 |     1 |     4 |    31 ||    38
         Distracted        |       |     1 |       |       |     1 ||     2
         Paralysed         |       |       |     4 |       |       ||     4
         Invisible         |       |       |       |       |     1 ||     1
 Armour: Animal skin       |    28 |    27 |       |       |       ||    55
         Leather armour    |       |    84 |    20 |       |       ||   104
         Skin              |       |    11 |       |   217 |   360 ||   588
         Robe              |       |       |    75 |    30 |       ||   105
  Dodge: Dodged            |    29 |   136 |   107 |   509 |   676 ||  1457
         Repelled          |       |       |       |     5 |     8 ||    13
   Form: Flux              |       |       |       |     1 |       ||     1
         Maw               |       |       |       |     1 |       ||     1
